 Dungeon Crawl Stone Soup version 0.28.0 (webtiles) character file.

Game seed: 10794394299616838583

18 HallandMoats the Skirmisher (level 2, 0/26 HPs)
             Began as a Ghoul Monk on Feb 12, 2022.
             Was a Follower of Uskayaw.
             Slain by an endoplasm (1 damage)
             ... on level 1 of the Dungeon.
             The game lasted 00:01:04 (563 turns).

HallandMoats the Skirmisher (Ghoul Monk)             Turns: 563, Time: 00:01:05

Health: 0/26       AC:  2    Str: 14    XL:     2   Next: 70%
Magic:  1/1        EV: 12    Int:  5    God:    Uskayaw [*.....]
Gold:   52         SH:  0    Dex: 11    Spells: 1/1 levels left

rFire   . . .      SeeInvis .     - Unarmed
rCold   + . .      Faith    .   (no shield)
rNeg    + + +      Spirit   .   a - +0 robe
rPois   ∞          Reflect  .   (no helmet)
rElec   .          Harm     .   (no cloak)
rCorr   .          Rampage  .   (no gloves)
Will    .....                   (no boots)
Stlth   ++........              (no amulet)
HPRegen 0.00/turn               (no ring)
MPRegen 0.07/turn               (no ring)

@: inhibited regen
A: claws 1, cold resistance 1, negative energy resistance 3, inhibited
regeneration, torment resistance 2
a: Renounce Religion, Stomp


You were on level 1 of the Dungeon.
You worshipped Uskayaw.
Uskayaw was noncommittal.
You visited 1 branch of the dungeon, and saw 1 of its levels.

You collected 52 gold pieces.

Inventory:

Armour
 a - a +0 robe (worn)
Scrolls
 b - a scroll of fear {unknown}
 c - a scroll of blinking {unknown}
 d - a scroll of acquirement {unknown}
 e - 2 scrolls of noise {unknown}


   Skills:
 * Level 3.6 Fighting
 + Level 0.4 Armour
 + Level 2.8 Dodging
 - Level 2.1 Stealth
 * Level 3.5 Unarmed Combat
 + Level 0.7 Invocations


You had one spell level left.
You didn't know any spells.
Your spell library was empty.

Dungeon Overview and Level Annotations

Branches:
Dungeon (1/15)

Altars:
Uskayaw


Innate Abilities, Weirdness & Mutations

You thrive by killing the living.
You are immune to poison.
You have sharp fingernails.
Your flesh is cold resistant. (rC+)
You are immune to negative energy. (rN+++)
You do not regenerate when monsters are visible.
You are immune to unholy pain and torment.


Message History

The dart slug launches a dart at you. The slug dart misses you.
The slug dart hits the giant cockroach.
The giant cockroach bites you. The giant cockroach misses you.
The giant cockroach bites you.
The dart slug bites you but does no damage.
You scratch the giant cockroach.
You kill the giant cockroach!
You feel better. The dart slug launches a dart at you. The slug dart hits you.
The dart slug launches a dart at you. The slug dart hits you.
An endoplasm comes into view.
The dart slug launches a dart at you. The slug dart hits you.
The endoplasm quivers.
The dart slug launches a dart at you. The slug dart hits you.
* * * LOW HITPOINT WARNING * * *
The endoplasm hits you.
* * * LOW HITPOINT WARNING * * *
The endoplasm freezes you.
You are frozen.
You resist.
* * * LOW HITPOINT WARNING * * *
You scratch the dart slug.
The dart slug is moderately wounded.
The endoplasm misses you. The endoplasm freezes you.
You are frozen.
You resist.
You barely miss the endoplasm.
The endoplasm hits you but does no damage.
The dart slug bites you but does no damage.
You scratch the dart slug.
The dart slug is almost dead.
The endoplasm hits you.
* * * LOW HITPOINT WARNING * * *
You scratch the endoplasm but do no damage.
The endoplasm hits you.
You die...

#...♣........
#..♣♣.PP..#######
#.....P.P.w.....#
##....†....####.#
##.......## #.#
######### #.# #.#
#w########
#@J.......
##########


You could see a dart slug and an endoplasm.

Vanquished Creatures
  A dart slug (D:1)
  2 ball pythons (D:1)
  3 endoplasms (D:1)
  A giant cockroach (D:1)
  A goblin (D:1)
  2 hobgoblins (D:1)
  A quokka (D:1)
  2 bats (D:1)
  A frilled lizard (D:1)
  A kobold (D:1)
  A rat (D:1)
16 creatures vanquished.

Notes
Turn   | Place    | Note
-------+----------+-------------------------------------------
     0 | D:1      | HallandMoats the Ghoul Monk began the quest for the Orb.
     0 | D:1      | Reached XP level 1. HP: 19/19 MP: 0/0
   141 | D:1      | Reached XP level 2. HP: 10/26 MP: 1/1
   501 | D:1      | Found a faded altar of an unknown god.
   521 | D:1      | Prayed at the altar of an unknown god.
   521 | D:1      | Became a worshipper of Uskayaw the Reveller
   521 | D:1      | Reached * piety under Uskayaw
   521 | D:1      | Reached ** piety under Uskayaw
   562 | D:1      | HP: 1/26 [endoplasm (2)]
   563 | D:1      | Slain by an endoplasm

Illustrated notes

Levels and vault maps discovered:
D:1:      dpeg_arrival_orchard, layout_basic, dreamdust_ecumenical_altar_grove,
          serial_corexii_hall, corexii_hall_statues_l, corexii_hall_statues_i,
          minmay_crystal_water, item_on_display_a

Action                   || total
-------------------------++-------
Melee: Unarmed           ||    34
       Punch             ||     2
 Stab: Sleeping          ||     3
Armor: Robe              ||     6
Dodge: Dodged            ||    30
